 Dungeon Crawl Stone Soup version 0.20.0-8-g6b59dc7 (webtiles) character file.

247 grindst0ne the Sneak (level 6, -1/45 HPs)
             Began as an Octopode Assassin on June 2, 2017.
             Slain by a bullfrog (6 damage)
             ... on level 6 of the Dungeon.
             The game lasted 00:12:48 (3695 turns).

grindst0ne the Sneak (Octopode Assassin)            Turns: 3695, Time: 00:12:49

Health: -1/45      AC:  1    Str: 15    XL:     6   Next: 11%
Magic:  6/6        EV: 13    Int: 14    God:
Gold:   78         SH:  0    Dex: 15    Spells: 5/5 levels left

rFire    . . .     SeeInvis .   a - +2 dagger
rCold    . . .     Gourm    .   (no shield)
rNeg     . . .     Faith    .   (helmet restricted)
rPois    .         Spirit   .   (no amulet)
rElec    .         Reflect  .   q - ring of protection from magic
rCorr    .         Harm     .   (no ring)
MR       +....                  (no ring)
Stlth    +++++.....             (no ring)
Regen    0.2/turn               (no ring)
MPRegen  0.1/turn               (no ring)
                                (no ring)
                                (no ring)

@: mighty
A: almost no armour, stealthy swim, amphibious, 8 rings, constrict 8, camouflage
1, gelatinous body 1
a: no special abilities


You were on level 6 of the Dungeon.
You were not hungry.

You visited 1 branch of the dungeon, and saw 4 of its levels.

You collected 78 gold pieces.

Inventory:

Hand Weapons
 a - a +2 dagger (weapon)
 b - a +0 blowgun (quivered)
Missiles
 c - 5 poisoned needles
 d - a throwing net
Jewellery
 q - a ring of protection from magic (left tentacle)
Scrolls
 e - a scroll of enchant armour
 h - a scroll of teleportation
 j - a scroll of magic mapping
 m - a scroll of noise {unknown}
 o - a scroll of enchant weapon {unknown}
 p - 2 scrolls of identify
Comestibles
 f - 2 bread rations
 g - 3 royal jellies
 n - 2 meat rations


   Skills:
 - Level 5.0 Fighting
 - Level 2.0 Short Blades
 - Level 2.0 Throwing
 - Level 1.0 Dodging
 + Level 7.5 Stealth


You had 5 spell levels left.
You didn't know any spells.

Dungeon Overview and Level Annotations

Branches:
Dungeon (3/15)

Altars:


Innate Abilities, Weirdness & Mutations

You cannot wear most types of armour.
You are very stealthy in the water. (Stealth+)
You are amphibious.
You can wear up to eight rings at the same time.
You can use your tentacles to constrict eight enemies at once.
Your skin changes colour to match your surroundings (Stealth+).
Your rubbery body absorbs attacks. (AC +1, EV +1)


Message History

A slave comes into view.
You start resting.
A bullfrog comes into view.
The bullfrog croaks.
The bullfrog hits you.
You miss the bullfrog. Your grab misses the bullfrog.
The bullfrog closely misses you.
You hit the bullfrog but do no damage. Your grab misses the bullfrog.
The bullfrog hits you!
You hit the bullfrog. Your grab misses the bullfrog.
The bullfrog is lightly wounded.
The bullfrog hits you. The bullfrog hits you!
You feel very mighty all of a sudden. The bullfrog hits you.
* * * LOW HITPOINT WARNING * * *
It was a potion of magic.
Magic courses through your body. The bullfrog hits you!
* * * LOW HITPOINT WARNING * * *
The bullfrog hits you.
You die...

#.....#......#
#####.....#......#
.................#
...........#######
##.....#........
+.....#........
###.....#....$...
#.###'###.#######
#...@F# #.#
#.#######.##
#รท###......#
#........#+
#...........
............$..
................
......p..........
.............###.


You could see a bullfrog.

Vanquished Creatures
  2 howler monkeys (D:6)
  An iguana (D:6)
  5 gnolls
  2 adders
  An ooze (D:1)
  An adder zombie (D:6)
  2 worms (D:2)
  A dart slug (D:1)
  2 leopard geckos
  A ball python (D:2)
  8 giant cockroaches
  6 goblins (D:1)
  3 hobgoblins
  A jackal (D:2)
  11 kobolds
  3 quokkas (D:2)
  6 bats (D:1)
  3 frilled lizards
  5 rats
  2 plants (D:2)
66 creatures vanquished.

Notes
Turn   | Place    | Note
-------+----------+-------------------------------------------
     0 | D:1      | grindst0ne the Octopode Assassin began the quest for the Orb.
     0 | D:1      | Reached XP level 1. HP: 14/14 MP: 1/1
   592 | D:1      | Reached XP level 2. HP: 20/20 MP: 2/2
  1125 | D:1      | Reached XP level 3. HP: 21/26 MP: 3/3
  1636 | D:1      | HP: 1/27 [gnoll (8)]
  1720 | D:1      | HP: 1/27 [gnoll (8)]
  2164 | D:2      | Reached XP level 4. HP: 30/33 MP: 4/4
  2749 | D:2      | Reached skill level 5 in Fighting
  2749 | D:2      | Reached XP level 5. HP: 27/39 MP: 5/5
  3341 | D:3      | You fall through a shaft for 3 floors!
  3346 | D:6      | Reached skill level 6 in Stealth
  3415 | D:6      | Noticed a slave
  3594 | D:6      | Reached skill level 7 in Stealth
  3594 | D:6      | Reached XP level 6. HP: 42/45 MP: 6/6
  3654 | D:6      | Noticed a slave
  3695 | D:6      | Slain by a bullfrog

Skill      XL: |  1  2  3  4  5 |
---------------+----------------+-----
Fighting       | 3 4 5 |  5.0
Stealth        | 7 |  7.5
Short Blades   | |  2.0
Throwing       | |  2.0
Dodging        | |  1.0

Action                   |  1- 3 |  4- 6 || total
-------------------------+-------+-------++-------
Melee: Dagger            |   110 |   114 ||   224
       Constrict         |    23 |    22 ||    45
       Tentacles         |    20 |    26 ||    46
  Use: Scroll            |     6 |     3 ||     9
       Potion            |       |     3 ||     3
 Stab: Sleeping          |     7 |     4 ||    11
  Eat: Chunk             |     2 |     7 ||     9
Armor: Skin              |    10 |    11 ||    21
Dodge: Dodged            |    59 |    46 ||   105
